TOP OF THE 1ST |
Delmarva Shorebirds batting - Pitching for Lansing Lugnuts : LHP Matt Wojtkiewicz
|
Pitching: LHP Matt Wojtkiewicz
|
|
Batting: LHB Eric Jackson
|
0-0: Ball 1-0: Ball 2-0: Ball 3-0: Called Strike 3-1: Foul Ball, location: 2F 3-2: Ground out 4-3 (Groundball, 4, EV 108.1 MPH)
|
Batting: RHB Fernando Bravo
|
0-0: Ball 1-0: SINGLE (Groundball, 56D, EV 109.4 MPH)
|
Batting: RHB Alex Jacobo
|
0-0: Ball 1-0: Ball 2-0: Ball 3-0: Base on Balls Fernando Bravo to second
|
Batting: LHB Justin Alworth
|
0-0: Called Strike 0-1: Called Strike 0-2: Ball 1-2: Foul Ball, location: 2F 1-2: SINGLE (Flyball, 8RS, EV 84.4 MPH) Fernando Bravo to third Alex Jacobo to second Runner from 3rd tries for Home, throw by CF and OUT! 8-2
|
Batting: RHB Lee Deason
|
0-0: Ball 1-0: Called Strike 1-1: Swinging Strike 1-2: Strikes out looking
|
Top of the 1st over - 0 runs, 2 hits, 0 errors, 2 left on base; Delmarva 0 - Lansing 0 |
BOTTOM OF THE 1ST |
Lansing Lugnuts batting - Pitching for Delmarva Shorebirds : LHP Silas Chinn
|
Pitching: LHP Silas Chinn
|
|
Batting: RHB Justin Geiger
|
0-0: Ball 1-0: Ball 2-0: Foul Ball, location: 2F 2-1: Ground out 6-3 (Groundball, P, EV 86.2 MPH)
|
Batting: RHB Dylan Phillips
|
0-0: Ground out 3-1 (Groundball, 34, EV 106.2 MPH)
|
Batting: RHB Butch Koglin
|
0-0: Called Strike 0-1: Ball 1-1: Ball 2-1: Foul Ball, location: 2F 2-2: Foul Ball, location: 2F 2-2: Ball 3-2: Foul Ball, location: 2F 3-2: Foul Ball, location: 2F 3-2: SINGLE (Groundball, 56D, EV 93.8 MPH)
|
Batting: RHB Jon Aguilar
|
0-0: Ball 1-0: Foul Ball, location: 2F 1-1: Fielders Choice at 2nd, 5-4 (Groundball, 56, EV 103.1 MPH)
|
Bottom of the 1st over - 0 runs, 1 hit, 0 errors, 1 left on base; Delmarva 0 - Lansing 0 |
TOP OF THE 2ND |
Delmarva Shorebirds batting - Pitching for Lansing Lugnuts : LHP Matt Wojtkiewicz
|
Batting: LHB Tim Mulholland
|
0-0: Ball 1-0: Ball 2-0: Called Strike 2-1: Foul Ball, location: 2F 2-2: Foul Ball, location: 2F 2-2: Ball 3-2: Base on Balls
|
Batting: RHB Adam Swimmer
|
0-0: Ball 1-0: Swinging Strike 1-1: Ball 2-1: Swinging Strike 2-2: Fielders Choice at 2nd, 5-4 (Groundball, 5, EV 84.4 MPH)
|
Batting: LHB Jose Bethancourt
|
0-0: Ball 1-0: Ball 2-0: Fly out, F7 (Flyball, 78M, EV 95.6 MPH)
|
Batting: SHB Jorge Brito
|
0-0: Foul Ball, location: 2F 0-1: Ball 1-1: Ball 2-1: Swinging Strike 2-2: Foul Ball, location: 2F 2-2: Ball 3-2: Foul Ball, location: 2F 3-2: Ground out 1-3 (Groundball, P, EV 70.0 MPH)
|
Top of the 2nd over - 0 runs, 0 hits, 0 errors, 1 left on base; Delmarva 0 - Lansing 0 |
BOTTOM OF THE 2ND |
Lansing Lugnuts batting - Pitching for Delmarva Shorebirds : LHP Silas Chinn
|
Batting: RHB Jorge Baret
|
0-0: Ball 1-0: Ball 2-0: Called Strike 2-1: Ball 3-1: Foul Ball, location: 2F 3-2: Base on Balls
|
Batting: RHB Josh Swartzentruber
|
0-0: Ball 1-0: Foul Ball, location: 2F 1-1: Foul Ball, location: 2F 1-2: Foul Ball, location: 2F 1-2: Foul Ball, location: 2F 1-2: Fly out, F7 (Flyball, 7S, EV 95.0 MPH)
|
Batting: SHB Jack Andrews
|
0-0: Called Strike 0-1: Ball 1-1: Called Strike 1-2: Ball Jorge Baret steals 2nd base 2-2: Foul Ball, location: 2F 2-2: Foul Ball, location: 2F 2-2: Foul Ball, location: 2F 2-2: Strikes out swinging
|
Batting: RHB Brian Manson
|
0-0: Foul Ball, location: 2F 0-1: Ball 1-1: Fly out, F4 (Popup, 34D, EV 53.8 MPH)
|
Bottom of the 2nd over - 0 runs, 0 hits, 0 errors, 1 left on base; Delmarva 0 - Lansing 0 |
TOP OF THE 3RD |
Delmarva Shorebirds batting - Pitching for Lansing Lugnuts : LHP Matt Wojtkiewicz
|
Batting: LHB Eric Jackson
|
0-0: Called Strike 0-1: Ball 1-1: Ball 2-1: Ball 3-1: Foul Ball, location: 2F 3-2: Base on Balls
|
Batting: RHB Fernando Bravo
|
0-0: Called Strike 0-1: Called Strike 0-2: Foul Ball, location: 2F 0-2: Fielders Choice at 2nd, 6-4 (Groundball, 6, EV 94.4 MPH)
|
Batting: RHB Alex Jacobo
|
0-0: Ball 1-0: Ball 2-0: Ball 3-0: Base on Balls Fernando Bravo to second
|
Batting: LHB Justin Alworth
|
0-0: Ball 1-0: Ball 2-0: Called Strike 2-1: SINGLE (Line Drive, 8LS, EV 101.2 MPH) Fernando Bravo to third Alex Jacobo to second
|
Batting: RHB Lee Deason
|
0-0: Fly out, F8 (Flyball, 8RS, EV 78.8 MPH)
|
Batting: LHB Tim Mulholland
|
0-0: Called Strike 0-1: Ball 1-1: SINGLE (Line Drive, 5D, EV 100.6 MPH) Fernando Bravo scores Alex Jacobo to third Justin Alworth to second
|
Batting: RHB Adam Swimmer
|
0-0: Ball 1-0: Ball 2-0: SINGLE (Line Drive, 89S, EV 93.8 MPH) Alex Jacobo scores Justin Alworth to third Tim Mulholland to second Runner from 3rd tries for Home, SAFE, throw by RF to home
|
Batting: LHB Jose Bethancourt
|
0-0: Ball 1-0: Ground out 4-3 (Groundball, 4, EV 108.8 MPH)
|
Top of the 3rd over - 3 runs, 3 hits, 0 errors, 2 left on base; Delmarva 3 - Lansing 0 |
BOTTOM OF THE 3RD |
Lansing Lugnuts batting - Pitching for Delmarva Shorebirds : LHP Silas Chinn
|
Batting: RHB Bryan Peterson
|
0-0: Called Strike 0-1: Ball 1-1: SINGLE (Line Drive, 8LS, EV 105.6 MPH)
|
Batting: RHB Justin Geiger
|
0-0: Fly out, F8 (Flyball, 8RM, EV 90.6 MPH)
|
Batting: RHB Dylan Phillips
|
0-0: Ball 1-0: Ball 2-0: Called Strike 2-1: Swinging Strike 2-2: SINGLE (Line Drive, 78M, EV 97.5 MPH) Bryan Peterson to second
|
Batting: RHB Butch Koglin
|
0-0: Swinging Strike 0-1: Ball 1-1: Ball 2-1: Foul Ball, location: 2F 2-2: Foul Ball, location: 2F 2-2: Foul Ball, location: 2F 2-2: Fly out, F8 (Line Drive, 8LM, EV 91.9 MPH)
|
Batting: RHB Jon Aguilar
|
0-0: Called Strike 0-1: Swinging Strike 0-2: Foul Ball, location: 2F 0-2: Strikes out swinging
|
Bottom of the 3rd over - 0 runs, 2 hits, 0 errors, 2 left on base; Delmarva 3 - Lansing 0 |
TOP OF THE 4TH |
Delmarva Shorebirds batting - Pitching for Lansing Lugnuts : LHP Matt Wojtkiewicz
|
Batting: SHB Jorge Brito
|
0-0: Ball 1-0: Foul Ball, location: 2F 1-1: Called Strike 1-2: Foul Ball, location: 2F 1-2: Ball 2-2: Foul Ball, location: 2F 2-2: DOUBLE (Flyball, 8LXD, EV 99.4 MPH)
|
Batting: LHB Eric Jackson
|
0-0: Ball 1-0: Ball 2-0: Called Strike 2-1: Ball 3-1: Bunt missed! 3-2: Foul Ball, location: 2F 3-2: Fly out, F9 (Flyball, 9S, EV 83.8 MPH)
|
Batting: RHB Fernando Bravo
|
0-0: Swinging Strike 0-1: Called Strike 0-2: Ball 1-2: Strikes out swinging
|
Batting: RHB Alex Jacobo
|
0-0: Ground out 6-3 (Groundball, 6, EV 106.2 MPH)
|
Top of the 4th over - 0 runs, 1 hit, 0 errors, 1 left on base; Delmarva 3 - Lansing 0 |
BOTTOM OF THE 4TH |
Lansing Lugnuts batting - Pitching for Delmarva Shorebirds : LHP Silas Chinn
|
Batting: RHB Jorge Baret
|
0-0: Ball 1-0: Ball 2-0: Ball 3-0: Ground out 6-3 (Groundball, 56, EV 89.4 MPH)
|
Batting: RHB Josh Swartzentruber
|
0-0: Ball 1-0: Ball 2-0: Called Strike 2-1: Ball 3-1: Foul Ball, location: 2F 3-2: Foul Ball, location: 2F 3-2: Ground out 6-3 (Groundball, 6, EV 90.0 MPH)
|
Batting: SHB Jack Andrews
|
0-0: Foul Ball, location: 2F 0-1: Swinging Strike 0-2: Ball 1-2: Ball 2-2: Ball 3-2: Strikes out swinging
|
Bottom of the 4th over - 0 runs, 0 hits, 0 errors, 0 left on base; Delmarva 3 - Lansing 0 |
TOP OF THE 5TH |
Delmarva Shorebirds batting - Pitching for Lansing Lugnuts : LHP Matt Wojtkiewicz
|
Batting: LHB Justin Alworth
|
0-0: Called Strike 0-1: Swinging Strike 0-2: Foul Ball, location: 2F 0-2: Ball 1-2: Strikes out swinging
|
Batting: RHB Lee Deason
|
0-0: Ball 1-0: Ball 2-0: Foul Ball, location: 2F 2-1: DOUBLE (Line Drive, 89M, EV 98.8 MPH)
|
Batting: LHB Tim Mulholland
|
0-0: Ball 1-0: Ball 2-0: Fly out, F4 (Flyball, 4D, EV 90.6 MPH)
|
Batting: RHB Adam Swimmer
|
0-0: Called Strike 0-1: Ball 1-1: Called Strike 1-2: Ball 2-2: Ball 3-2: Foul Ball, location: 2F 3-2: Foul Ball, location: 2F 3-2: Strikes out swinging
|
Top of the 5th over - 0 runs, 1 hit, 0 errors, 1 left on base; Delmarva 3 - Lansing 0 |
BOTTOM OF THE 5TH |
Lansing Lugnuts batting - Pitching for Delmarva Shorebirds : LHP Silas Chinn
|
Batting: RHB Brian Manson
|
0-0: Ball 1-0: Ground out 5-3 (Groundball, 5, EV 99.4 MPH)
|
Batting: RHB Bryan Peterson
|
0-0: Ball 1-0: Called Strike 1-1: Ball 2-1: Swinging Strike 2-2: Ball 3-2: Foul Ball, location: 2F 3-2: Foul Ball, location: 2F 3-2: SINGLE (Groundball, 6D, EV 105.6 MPH)
|
Pitching: RHP Shane Kruger
|
|
Pinch Hitting: LHB Ray Whitehead
|
0-0: Ball 1-0: Fly out, F7 (Flyball, 7, EV 76.9 MPH)
|
Batting: RHB Dylan Phillips
|
0-0: Called Strike Bryan Peterson steals 2nd base 0-1: Ball 1-1: DOUBLE (Line Drive, 7LS, EV 114.4 MPH) Bryan Peterson scores
|
Batting: RHB Butch Koglin
|
0-0: Ball 1-0: Ball 2-0: Foul Ball, location: 2F 2-1: Foul Ball, location: 2F 2-2: Ground out 3-1 (Groundball, 34, EV 82.5 MPH)
|
Bottom of the 5th over - 1 run, 2 hits, 0 errors, 1 left on base; Delmarva 3 - Lansing 1 |
TOP OF THE 6TH |
Delmarva Shorebirds batting - Pitching for Lansing Lugnuts : LHP Matt Wojtkiewicz
|
Pitching: RHP Jose Ramos
|
|
Now at 1B: Nikita Schram
|
|
Batting: LHB Jose Bethancourt
|
0-0: Ball 1-0: Ball 2-0: Foul Ball, location: 2F 2-1: Called Strike 2-2: Ball 3-2: Base on Balls
|
Batting: SHB Jorge Brito
|
0-0: Called Strike Jose Bethancourt steals 2nd base 0-1: Ball 1-1: Called Strike 1-2: Strikes out swinging
|
Batting: LHB Eric Jackson
|
0-0: Ball 1-0: Ball 2-0: Foul Ball, location: 2F 2-1: Ball 3-1: Called Strike 3-2: Strikes out looking
|
Batting: RHB Fernando Bravo
|
0-0: Ball 1-0: Ball 2-0: Ground out 6-3 (Groundball, 6M, EV 104.4 MPH)
|
Top of the 6th over - 0 runs, 0 hits, 0 errors, 1 left on base; Delmarva 3 - Lansing 1 |
BOTTOM OF THE 6TH |
Lansing Lugnuts batting - Pitching for Delmarva Shorebirds : RHP Shane Kruger
|
Batting: RHB Jon Aguilar
|
0-0: Called Strike 0-1: Called Strike 0-2: Ball 1-2: Ball 2-2: Fly out, F7 (Line Drive, 7, EV 89.4 MPH)
|
Batting: RHB Jorge Baret
|
0-0: SINGLE (Popup, 5D, EV 49.4 MPH)
|
Pinch Hitting: LHB Sonny Flood
|
0-0: Ball Jorge Baret steals 2nd base 1-0: Ball 2-0: Ball 3-0: Base on Balls
|
Batting: SHB Jack Andrews
|
0-0: Swinging Strike 0-1: Foul Ball, location: 2F 0-2: Ball 1-2: Strikes out swinging
|
Pinch Hitting: LHB Tony Vitela
|
0-0: Called Strike 0-1: SINGLE (Line Drive, 78S, EV 103.8 MPH) Jorge Baret to third Sonny Flood to second Runner from 3rd tries for Home, SAFE, throw by LF to home
|
Batting: RHB Bryan Peterson
|
0-0: Called Strike 0-1: Fielders Choice at 2nd, 5-4 (Groundball, 5, EV 103.8 MPH)
|
Bottom of the 6th over - 1 run, 2 hits, 0 errors, 2 left on base; Delmarva 3 - Lansing 2 |
TOP OF THE 7TH |
Delmarva Shorebirds batting - Pitching for Lansing Lugnuts : RHP Jose Ramos
|
Pitching: LHP Trevor Kelley
|
|
Now at 3B: Jack Andrews
|
|
Now at SS: Kennet Strijbis
|
|
Now in CF: Jon Aguilar
|
|
Now in RF: Sonny Flood
|
|
Batting: RHB Alex Jacobo
|
0-0: Ball 1-0: Called Strike 1-1: Foul Ball, location: 2F 1-2: Foul Ball, location: 2F 1-2: Ball 2-2: Ground out 4-3 (Groundball, 4M, EV 98.8 MPH)
|
Batting: LHB Justin Alworth
|
0-0: Ground out 6-3 (Groundball, 56, EV 110.0 MPH)
|
Batting: RHB Lee Deason
|
0-0: Ground out 3-1 (Groundball, 34S, EV 81.2 MPH)
|
Top of the 7th over - 0 runs, 0 hits, 0 errors, 0 left on base; Delmarva 3 - Lansing 2 |
BOTTOM OF THE 7TH |
Lansing Lugnuts batting - Pitching for Delmarva Shorebirds : RHP Shane Kruger
|
Pitching: LHP John Dyer
|
|
Batting: RHB Nikita Schram
|
0-0: Foul Ball, location: 2F 0-1: Swinging Strike 0-2: Foul Ball, location: 2F 0-2: Ball 1-2: Strikes out looking
|
Batting: RHB Dylan Phillips
|
0-0: Swinging Strike 0-1: Ball 1-1: Ball 2-1: Foul Ball, location: 2F 2-2: SINGLE (Line Drive, 9S, EV 101.2 MPH)
|
Batting: RHB Butch Koglin
|
0-0: Called Strike 0-1: Ball 1-1: SINGLE (Groundball, 34D, EV 104.4 MPH) Dylan Phillips to second Runner from 2nd tries for 3rd, SAFE, throw by RF made to third
|
Batting: RHB Jon Aguilar
|
0-0: Ball 1-0: Swinging Strike 1-1: Hit by Pitch Butch Koglin to second
|
Batting: RHB Jorge Baret
|
0-0: Ball 1-0: Fly out, F8 (Flyball, 8RXD, EV 86.2 MPH) Runner from 3rd tags up, SCORES, no throw by CF
|
Pinch Hitting: RHB Vinny Luna
|
0-0: Swinging Strike 0-1: Foul Ball, location: 2F 0-2: Strikes out swinging
|
Bottom of the 7th over - 1 run, 2 hits, 0 errors, 2 left on base; Delmarva 3 - Lansing 3 |
TOP OF THE 8TH |
Delmarva Shorebirds batting - Pitching for Lansing Lugnuts : LHP Trevor Kelley
|
Now in RF: Vinny Luna
|
|
Pinch Hitting: RHB Edwin Ramos
|
0-0: Ball 1-0: Called Strike 1-1: Ball 2-1: SOLO HOME RUN (Flyball, 7D, EV 94.4 MPH), Distance : 352 ft
|
Batting: RHB Adam Swimmer
|
0-0: Called Strike 0-1: Ball 1-1: Foul Ball, location: 2F 1-2: Strikes out swinging
|
Batting: LHB Jose Bethancourt
|
0-0: Foul Ball, location: 2F 0-1: Called Strike 0-2: Strikes out looking
|
Batting: SHB Jorge Brito
|
0-0: Ball 1-0: Foul Ball, location: 2F 1-1: Foul Ball, location: 2F 1-2: Ball 2-2: Foul Ball, location: 2F 2-2: SOLO HOME RUN (Flyball, 89XD, EV 104.4 MPH), Distance : 399 ft
|
Batting: LHB Eric Jackson
|
0-0: Called Strike 0-1: Called Strike 0-2: Strikes out swinging
|
Top of the 8th over - 2 runs, 2 hits, 0 errors, 0 left on base; Delmarva 5 - Lansing 3 |
BOTTOM OF THE 8TH |
Lansing Lugnuts batting - Pitching for Delmarva Shorebirds : LHP John Dyer
|
Now at 1B: Jordan Wallace
|
|
Batting: SHB Jack Andrews
|
0-0: Ball 1-0: Swinging Strike 1-1: Foul Ball, location: 2F 1-2: Foul Ball, location: 2F 1-2: Ball 2-2: Ball 3-2: Strikes out swinging
|
Batting: RHB Kennet Strijbis
|
0-0: Swinging Strike 0-1: Ball 1-1: Called Strike 1-2: Foul Ball, location: 2F 1-2: Ground out 4-3 (Groundball, 4, EV 80.0 MPH)
|
Batting: RHB Bryan Peterson
|
0-0: Called Strike 0-1: Ball 1-1: Ball 2-1: Fly out, F7 (Flyball, 7LS, EV 92.5 MPH)
|
Bottom of the 8th over - 0 runs, 0 hits, 0 errors, 0 left on base; Delmarva 5 - Lansing 3 |
TOP OF THE 9TH |
Delmarva Shorebirds batting - Pitching for Lansing Lugnuts : LHP Trevor Kelley
|
Pitching: RHP Andres Lozano
|
|
Batting: RHB Fernando Bravo
|
0-0: Called Strike 0-1: Foul Ball, location: 2F 0-2: Ball 1-2: Strikes out swinging
|
Batting: RHB Alex Jacobo
|
0-0: Ground out 5-3 (Groundball, 56S, EV 84.4 MPH)
|
Batting: LHB Justin Alworth
|
0-0: Ball 1-0: Called Strike 1-1: Ground out U3 (Groundball, 3, EV 84.4 MPH)
|
Top of the 9th over - 0 runs, 0 hits, 0 errors, 0 left on base; Delmarva 5 - Lansing 3 |
BOTTOM OF THE 9TH |
Lansing Lugnuts batting - Pitching for Delmarva Shorebirds : LHP John Dyer
|
Pitching: RHP Elliot Monroe
|
|
Batting: RHB Nikita Schram
|
0-0: Called Strike 0-1: Foul Ball, location: 2F 0-2: Foul Ball, location: 2F 0-2: Foul Ball, location: 2F 0-2: Fly out, F9 (Flyball, 9, EV 83.8 MPH)
|
Batting: RHB Dylan Phillips
|
0-0: Ball 1-0: Called Strike 1-1: Ground out 6-3 (Groundball, 6, EV 103.8 MPH)
|
Batting: LHB Pauli Gassinger
|
0-0: Called Strike 0-1: Ball 1-1: Called Strike 1-2: Strikes out swinging, 2-3 out at first.
|
Bottom of the 9th over - 0 runs, 0 hits, 0 errors, 0 left on base; Delmarva 5 - Lansing 3 |
|